 Dungeon Crawl Stone Soup version 0.30-a0-347-gf58ed5266c (webtiles) character file.

Game seed: 5778474964239634696

58 hikkokomori the Vexing (level 4, 0/33 HPs)
             Began as a Barachi Hexslinger on Nov 7, 2022.
             Succumbed to an adder's poison
             ... on level 2 of the Dungeon.
             The game lasted 00:02:34 (1512 turns).

hikkokomori the Vexing (Barachi Hexslinger)         Turns: 1512, Time: 00:02:35

Health: 0/33       AC:  2    Str: 10    XL:     4   Next: 1%
Magic:  5/6        EV: 12    Int: 13    God:
Gold:   102        SH:  0    Dex: 18    Spells: 5/6 levels left

rFire   + . .      SeeInvis .    a - +1 sling
rCold   + + .      Faith    .    (no shield)
rNeg    . . .      Spirit   .    c - +0 robe
rPois   +          Reflect  .    (helmet restricted)
rElec   +          Harm     .    (no cloak)
rCorr   +          Rampage  .    (no gloves)
Will    .....                    (no boots)
Stlth   ++........               (no amulet)
HPRegen 0.25/turn                e - ring of protection from cold
MPRegen 0.10/turn                (no ring)

@: lethally poisoned (0 -> -5), resistant, unable to hop, slow
A: amphibious, slowness 1, strong legs 1, +LOS, antennae 1, agile 1,
deterioration 1
a: Hop


You were on level 2 of the Dungeon.
You visited 1 branch of the dungeon, and saw 2 of its levels.

You collected 102 gold pieces.

Inventory:

Hand Weapons
 a - a +1 sling (weapon)
Armour
 c - a +0 robe (worn)
Jewellery
 e - a ring of protection from cold (left hand)
 i - a +4 ring of protection
Scrolls
 b - 2 scrolls of poison
 f - 2 scrolls of teleportation {unknown}
 g - 2 scrolls of identify {unknown}
Potions
 d - a potion of haste {unknown}


   Skills:
 - Level 1.9 Fighting
 + Level 2.9 Ranged Weapons
 - Level 2.1 Dodging
 - Level 1.6 Spellcasting
 + Level 4.1 Hexes


You had 5 spell levels left.
You knew the following spells:

 Your Spells              Type           Power      Damage    Failure   Level
a - Slow                  Hex            44%        N/A       4%          1

Your spell library contained the following spells:

 Spells                   Type           Power      Damage    Failure   Level
 Ensorcelled Hibernation  Hex/Ice        12%        N/A       17%         2
 Inner Flame              Hex/Fire       6%         N/A       34%         3
 Portal Projectile        Hex/Tloc       12%        N/A       34%         3
 Blink                    Tloc           2%         N/A       38%         2
 Cause Fear               Hex            5%         N/A       43%         4
 Ozocubu's Armour         Ice            1%         N/A       63%         3
 Spider Form              Tmut/Pois      1%         N/A       63%         3
 Anguish                  Hex/Necr       3%         N/A       75%         4
 Manifold Assault         Tloc           1%         N/A       95%         4
 Ozocubu's Refrigeration  Ice            0%         4d7       100%        7
 Storm Form               Tmut/Air       0%         N/A       100%        7


Dungeon Overview and Level Annotations

Branches:
Dungeon (2/15)

Altars:
Nemelex Xobeh


Innate Abilities, Weirdness & Mutations

You are amphibious.
You cover ground slowly.
You can hop short distances.
You have an extended range of vision and can be seen from far away.
You have a pair of small antennae on your head.
You are agile. (Dex +4, Str/Int -1)
Your body sometimes deteriorates upon taking damage.


Message History

Aim: an adder (severely wounded, chance to affect: 54%)
The adder resists with significant effort.
You feel sick. The adder bites you but does no damage.
The ball python closely misses you. The ball python constricts you.
The adder closely misses you.
Unknown command.
Aiming: Slow (safe; 4% risk of failure)
Press: ? - help, Q - select action, (/) - cycle Shift-Dir - straight line, f/p - adder
Aim: an adder (severely wounded, chance to affect: 54%)
Okay, then.
You shoot a sling bullet. The sling bullet hits the adder.
The adder is almost dead.
You feel sick. The ball python bites you. The ball python constricts you.
The adder closely misses you.
You shoot a sling bullet.
The sling bullet barely misses the adder.
You feel sick. The adder bites you.
* * * LOW HITPOINT WARNING * * *
The ball python bites you but does no damage.
The ball python constricts you. The adder bites you.
* * * LOW HITPOINT WARNING * * *
You are lethally poisoned!
The adder poisons you! The ball python closely misses you.
The ball python constricts you.
* * * LOW HITPOINT WARNING * * *
Unknown command.
Hop to where?
Press: ? - help, Dir - move target, p - adder You escape the ball python's grasp.
Boing!
* * * LOW HITPOINT WARNING * * *
You feel sick.
It was a potion of resistance.
You feel protected.
* * * LOW HITPOINT WARNING * * *
You feel sick.
Unknown command.
It was a potion of mutation.
You feel extremely strange. A pair of antennae grows on your head!
You feel agile.
You feel yourself wasting away.
You die...

...#.......#..)......#
...#.......#.........#
.).#...^...#.........#
...........#.........#
...........#.........#
...........#.......S.#
...........#......S.○#
...........#.........###
........####....@......#
##...†..####...........#
#.....................#
#.....................#
#..............#'###############
#######.........#................
.....##.........#.###............
.....###........#.###............
.....# ##......##........†.......


You could see an adder and a ball python.

Vanquished Creatures
  An adder (D:2)
  2 worms (D:2)
  8 endoplasms
  A giant cockroach (D:2)
  A goblin (D:1)
  4 hobgoblins
  5 jackals
  2 quokkas
  4 ball pythons
  3 bats
  5 kobolds
  3 rats (D:1)
39 creatures vanquished.

Notes
Turn   | Place    | Note
-------+----------+-------------------------------------------
     0 | D:1      | hikkokomori the Barachi Hexslinger began the quest for the
                  | Orb.
     0 | D:1      | Reached XP level 1. HP: 15/15 MP: 2/2
   159 | D:1      | Reached XP level 2. HP: 18/21 MP: 0/4
   876 | D:2      | Reached XP level 3. HP: 27/27 MP: 3/5
  1078 | D:2      | Found a sparkling altar of Nemelex Xobeh.
  1388 | D:2      | Reached skill level 4 in Hexes
  1450 | D:2      | Reached XP level 4. HP: 33/33 MP: 4/6
  1511 | D:2      | HP: 1/33 [poisoned by an adder]
  1512 | D:2      | Gained mutation: You have a pair of small antennae on your
                  | head. [potion of mutation]
  1512 | D:2      | Gained mutation: You are agile. (Dex +4, Str/Int -1)
                  | [potion of mutation]
  1512 | D:2      | Gained mutation: Your body sometimes deteriorates upon
                  | taking damage. [potion of mutation]
  1512 | D:2      | Succumbed to an adder's poison

Illustrated notes

Levels and vault maps discovered:
D:1:      dpeg_arrival_tiny_a, layout_loops_ring
D:2:      layout_basic, basic_altar

Skill      XL: |  1  2  3 |
---------------+----------+-----
Hexes          | 4 |  4.1
Fighting       | |  1.9
Ranged Weapons | |  2.9
Dodging        | |  2.1
Spellcasting   | |  1.6

Action                   |  1- 3 |  4- 6 || total
-------------------------+-------+-------++-------
 Fire: Sling             |   143 |    12 ||   155
 Cast: Slow              |    34 |     2 ||    36
 Abil: Hop               |       |     1 ||     1
  Use: Potion            |       |     2 ||     2
Armor: Robe              |    10 |     5 ||    15
Dodge: Dodged            |    48 |     7 ||    55

Table legend: (Time is in decaauts)
 A = Elapsed time spent in this place.
 B = Non-inter-level travel time spent in this place.
 C = Inter-level travel time spent in this place.
 D = Time resting spent in this place.
 E = Time spent auto-exploring this place.
 F = Levels seen in this place.
 G = Mean time per level.
                   A        B        C        D        E       F      G
               +--------+--------+--------+--------+--------+-----+--------+
         Total |   1757 |   1722 |     35 |      0 |   1404 |   2 |  878.5 |
       Dungeon |   1757 |   1722 |     35 |      0 |   1404 |   2 |  878.5 |
               +--------+--------+--------+--------+--------+-----+--------+

Top non-repeatable levels by time:
     D:1: 909 daAuts
     D:2: 848 daAuts
